 Dungeon Crawl Stone Soup version 0.31-a0-654-gbe3e110b4e (webtiles) character file.

Game seed: 11023521099039855184

72 jimbutter the Chopper (level 4, 0/38 HPs)
             Began as a Minotaur Gladiator on Aug 28, 2023.
             Slain by Pikel
             ... wielding a +2 whip of freezing
              (9 damage)
             ... on level 4 of the Dungeon on Aug 29, 2023.
             The game lasted 00:09:44 (2262 turns).

jimbutter the Chopper (Minotaur Gladiator)          Turns: 2262, Time: 00:09:45

Health: 0/38       AC:  7    Str: 21    XL:     4   Next: 6%
Magic:  3/3        EV: 11    Int:  5    God:
Gold:   193        SH:  0    Dex: 11    Spells: 3/3 levels left

rFire   . . .        a - +0 war axe
rCold   . . .        (no shield)
rNeg    . . .        q - +0 scale mail
rPois   .            c - +0 hat
rElec   .            (no cloak)
rCorr   .            (no gloves)
SInv    .            n - +0 pair of boots
Will    .....        (no amulet) Stlth
                     (no ring)
HPRegen 0.26/turn    (no ring)
MPRegen 0.08/turn

%: no passive effects
@: no status effects
A: horns 2, retaliatory headbutt
a: no special abilities


You were on level 4 of the Dungeon.
You visited 1 branch of the dungeon, and saw 4 of its levels.

You collected 193 gold pieces.

Inventory:

Hand Weapons
 a - a +0 war axe (weapon)
 b - a +2 antimagic sling
Missiles
 d - 5 throwing nets
 e - 6 javelins
 p - 11 stones (quivered)
 v - 8 poisoned darts
Armour
 c - a +0 hat (worn)
 n - a +0 pair of boots (worn)
 q - a +0 scale mail (worn)
Jewellery
 k - a ring of ice
Scrolls
 f - 5 scrolls of identify {unknown}
 g - 5 scrolls of poison {unknown}
 h - a scroll of enchant armour {unknown}
 i - 3 scrolls of immolation {unknown}
 j - a scroll of fog {unknown}
 r - a scroll of acquirement {unknown}
 u - a scroll of blinking {unknown}
Potions
 l - 3 potions of heal wounds {unknown}
 m - 2 potions of haste {unknown}
 o - a potion of berserk rage {unknown}
 s - a potion of brilliance {unknown}
 t - a potion of magic {unknown}


   Skills:
 + Level 3.1 Fighting
 * Level 4.5 Axes
 + Level 2.5 Throwing
 + Level 1.2 Armour
 + Level 3.7 Dodging


You had 3 spell levels left.
You didn't know any spells.
Your spell library contained the following spells:

 Spells                   Type           Power      Damage    Failure   Level
 Poisonous Vapours        Pois/Air       0%         N/A       92%         2
 Mephitic Cloud           Conj/Pois/Air  0%         N/A       99%         3
 Freezing Cloud           Conj/Ice/Air   0%         6-21      100%        5


Dungeon Overview and Level Annotations

Branches:
Dungeon (4/15)
 Temple: D:4-7

Altars:
Vehumet

Annotations:
D:4 Pikel


Innate Abilities, Weirdness & Mutations

You have a pair of horns on your head.
You reflexively headbutt those who attack you in melee.


Message History

Pikel hits you with a +2 whip of freezing!
* * * LOW HITPOINT WARNING * * *
Pikel freezes you.
* * * LOW HITPOINT WARNING * * *
The lemure attacks as it pursues you! The lemure hits you.
* * * LOW HITPOINT WARNING * * *
The quokka attacks as it pursues you! The quokka closely misses you.
Pikel says, "You'll make a fine lemure."
Found 11 gold pieces.
The lemure attacks as it pursues you! The lemure barely misses you.
Pikel attacks as he pursues you! Pikel misses you. You furiously retaliate!
You headbutt Pikel!
Found a grey potion. 2 goblins and a worm come into view.
Found a leather armour.
The goblin shouts!
Found a shiny cabochon ring and a dagger.
Found a robe.
The lemure attacks as it pursues you! The lemure barely misses you.
The lemure attacks as it pursues you! The lemure hits you.
* * * LOW HITPOINT WARNING * * *
The quokka attacks as it pursues you!
The quokka bites you but does no damage.
The quokka attacks as it pursues you!
The quokka bites you but does no damage.
The lemure misses you. You furiously retaliate!
You headbutt the lemure.
Found a stone staircase leading down.
The quokka attacks as it pursues you! The quokka barely misses you.
You see here a +0 dagger.
The quokka attacks as it pursues you!
The quokka bites you but does no damage.
The lemure attacks as it pursues you! The lemure misses you.
The quokka misses you.
Found a fizzy orange potion.
The quokka barely misses you. The lemure attacks as it pursues you!
The lemure misses you. Pikel attacks as he pursues you!
Pikel hits you with a +2 whip of freezing!
You die...
Pikel says, "Another soul for the market."

≈≈.............[..# .#
...........w).....##.#
≈≈........##.........#
g≈..[.$...##......###
#######..#...##5....##
.......= #...#..5...##
.....## #...........##
.....# ##.[...Kr5....#
.....## #.......@.....#
......###.............#
#.........#.............
##.#.....###.............
......##.####...........!#
#.........#..............#
.........................
..#)####..............##
....## ........


You could see Pikel, 3 lemures, a worm and a quokka.

Vanquished Creatures
  A lemure (D:4)
  2 adders (D:3)
  4 bats
  2 endoplasms (D:2)
  5 giant cockroaches
  4 hobgoblins
  10 kobolds
  7 quokkas
  A ball python (D:1)
  3 frilled lizards
  5 goblins
  5 rats
49 creatures vanquished.

Notes
Turn   | Place    | Note
-------+----------+-------------------------------------------
     0 | D:1      | jimbutter the Minotaur Gladiator began the quest for the
                  | Orb.
     0 | D:1      | Reached XP level 1. HP: 18/18 MP: 0/0
     0 | D:1      | Upgraded the game from 0.31-a0-640-g39d97e502b to
                  | 0.31-a0-654-gbe3e110b4e
   110 | D:1      | Found a faded altar of an unknown god.
   160 | D:1      | Reached XP level 2. HP: 23/25 MP: 1/1
   487 | D:1      | Reached skill level 4 in Axes
   910 | D:2      | Reached XP level 3. HP: 30/30 MP: 2/2
  1575 | D:3      | Reached skill level 1 in Armour
  1751 | D:3      | Found a radiant altar of Vehumet.
  2079 | D:3      | Reached XP level 4. HP: 33/38 MP: 3/3
  2212 | D:4      | Noticed a lemure
  2228 | D:4      | Killed a lemure
  2229 | D:4      | Noticed a lemure
  2229 | D:4      | Noticed Pikel
  2234 | D:4      | Noticed a lemure
  2235 | D:4      | Noticed a lemure
  2262 | D:4      | Slain by Pikel

Illustrated notes

Levels and vault maps discovered:
D:1:      saegor_arrival_simple_a, layout_loops_ring,
          dreamdust_ecumenical_altar_statues, minmay_hexomino_u4
D:2:      layout_loops_ring
D:3:      layout_basic, mainiacjoe_overflow_catwalk, minmay_misc_feat_chi,
          minmay_between
D:4:      layout_rooms, kennysheep_okawaru_gauntlet, ebering_ghost_gozag,
          serial_shops, nicolae_shop_back_alley_shop, uniq_pikel

Skill      XL: |  1  2  3 |
---------------+----------+-----
Axes           | 4 |  4.5
Fighting       | 3 |  3.1
Armour         | 1 |  1.2
Throwing       | |  2.5
Dodging        | |  3.7

Action                     |  1- 3 |  4- 6 || total
---------------------------+-------+-------++-------
  Melee: War axe           |    90 |    22 ||   112
         Headbutt          |    13 |       ||    13
 Armour: Leather armour    |    18 |       ||    18
         Scale mail        |    26 |    16 ||    42
  Dodge: Dodged            |    44 |    16 ||    60

Table legend: (Time is in decaauts)
 A = Elapsed time spent in this place.
 B = Non-inter-level travel time spent in this place.
 C = Inter-level travel time spent in this place.
 D = Time resting spent in this place.
 E = Time spent auto-exploring this place.
 F = Levels seen in this place.
 G = Mean time per level.
                   A        B        C        D        E       F      G
               +--------+--------+--------+--------+--------+-----+--------+
         Total |   2291 |   2220 |     71 |    171 |   1424 |   4 |  572.8 |
       Dungeon |   2291 |   2220 |     71 |    171 |   1424 |   4 |  572.8 |
               +--------+--------+--------+--------+--------+-----+--------+

Top non-repeatable levels by time:
     D:2: 865 daAuts
     D:1: 689 daAuts
     D:3: 683 daAuts
     D:4: 53 daAuts
